 Dungeon Crawl Stone Soup version 0.19-a0-860-g5c370dd (webtiles) character file.

40 FrankyJ the Conjurer (level 3, 0/19 HPs)
             Began as a Deep Elf Conjurer on July 2, 2016.
             Slain by an orc wizard
             ... wielding a +0 dagger
              (4 damage)
             ... on level 3 of the Dungeon.
             The game lasted 00:05:01 (1822 turns).

FrankyJ the Conjurer (Deep Elf Conjurer)            Turns: 1822, Time: 00:05:02

Health: 0/19       AC:  2    Str:  5    XL:     3   Next: 30%
Magic:  4/10       EV: 13    Int: 20    God:
Gold:   66         SH:  0    Dex: 15    Spells: 2 memorised, 7 levels left

rFire  . . .     SeeInvis .     r - +0 dagger (venom)
rCold  . . .     Gourm    .     a - +0 robe
rNeg   . . .     Faith    .     (no shield)
rPois  .         Spirit   .     (no helmet)
rElec  .         Dismiss  .     (no cloak)
rCorr  .         Reflect  .     (no gloves)
SustAt .         Harm     .     (no boots)
MR     .....                    (no amulet)
Stlth  ++........               (no ring)
                                (no ring)

@: not resistant to hostile enchantments, unstealthy
A: no striking features
a: no special abilities


You were on level 3 of the Dungeon.
You were not hungry.

You visited 1 branch of the dungeon, and saw 3 of its levels.

You collected 66 gold pieces.

Inventory:

Hand Weapons
 r - a +0 dagger of venom (weapon)
Armour
 a - a +0 robe (worn)
Jewellery
 w - an uncursed amulet of the gourmand {unknown}
Scrolls
 e - 4 scrolls of identify {unknown}
 i - a scroll of magic mapping {unknown}
 j - 3 scrolls of remove curse {unknown}
 o - a scroll of recharging {unknown}
 p - a scroll of fog {unknown}
 q - a scroll of fear {unknown}
 t - a scroll of enchant weapon {unknown}
 u - a scroll of noise {unknown}
 x - a scroll of amnesia {unknown}
Potions
 f - 2 potions of lignification {unknown}
 g - 4 potions of degeneration {unknown}
 h - a potion of flight {unknown}
 k - a potion of resistance {unknown}
 l - 3 potions of curing {unknown}
 s - 4 potions of agility {unknown}
Books
 b - a book of Conjurations

   Spells                             Type                      Level
   a - Magic Dart                     Conjuration                  1
   b - Searing Ray                    Conjuration                  2
   c - Dazzling Spray                 Conjuration/Hexes            3
   d - Fulminant Prism                Conjuration/Hexes            4
   e - Iskenderun's Mystic Blast      Conjuration                  4
   f - Iskenderun's Battlesphere      Conjuration/Charms           5
Comestibles
 c - 3 bread rations
 d - a meat ration
 m - a royal jelly
 n - a fruit
 v - a beef jerky
 z - a slice of pizza


   Skills:
 + Level 3.2 Dodging
 - Level 2.4 Stealth
 * Level 4.4 Spellcasting
 + Level 4.5 Conjurations


You had 7 spell levels left.
You knew the following spells:

 Your Spells              Type           Power        Failure   Level  Hunger
a - Magic Dart            Conj           ###.         1%          1    None
b - Searing Ray           Conj           ###...       2%          2    #......


Dungeon Overview and Level Annotations

Branches:
Dungeon (3/15)

Altars:
Qazlal


Message History

You barely miss something.
You hear some strange, mumbled words.
Something tries to affect you, but you resist.
You barely miss something. Something hits you.
You hit something. Something hits you.
You closely miss something. Something hits you.
Unknown command.
Something hits you.
You hear some strange, mumbled words.
You are confused.
There is an open door here.
Something hits you. Something hits you but does no damage.
There is an open door here.
You bump into the rock wall.
Something hits you but does no damage.
You feel less confused. Something hits you.
* * * LOW HITPOINT WARNING * * *
Something hits you.
You die...

... ##. _.## #. ...# #.
##+# ..# #. ##...## ..# ##
##....!## ### #.# #
##.......## ##.###.# #
#$........####...##.#######
+......).{@.>..>...........
#.........####....#########
##.......## ##.#.# #
##.....## ###.# # ##...##
#.# # ##+# #.# # #.# # #.#
# ..#


There were no monsters in sight!

Vanquished Creatures
  2 dart slugs
  A giant gecko (D:1)
  2 orcs (D:3)
  7 bats
  5 goblins
  5 hobgoblins
  4 kobolds
  2 giant newts (D:1)
  4 rats
32 creatures vanquished.

Notes
Turn   | Place    | Note
-------+----------+-------------------------------------------
     0 | D:1      | FrankyJ the Deep Elf Conjurer began the quest for the Orb.
     0 | D:1      | Reached XP level 1. HP: 10/10 MP: 6/6
   265 | D:1      | Reached XP level 2. HP: 14/15 MP: 4/8
   269 | D:1      | Learned a level 2 spell: Searing Ray
  1594 | D:2      | Reached XP level 3. HP: 19/19 MP: 8/10
  1786 | D:3      | Found a stormy altar of Qazlal.
  1822 | D:3      | Slain by an orc wizard

Vault maps used:
D:1:      shiori_shiawase, hangedman_feature_mirror
D:2:      first_bread
D:3:      overflow_temple_1_default, ecumenical_altar_1

Skill      XL: |  1  2 |
---------------+-------+-----
Dodging        | 3 |  3.2
Spellcasting   | 4 |  4.4
Stealth        | |  2.4
Conjurations   | |  4.5

Action                   || total
-------------------------++-------
Melee: Unarmed           ||     4
       Dagger            ||     5
 Cast: Magic Dart        ||    42
       Searing Ray       ||    11
  Eat: Chunk             ||     3
Armor: Robe              ||     4
Dodge: Dodged            ||    11
